APP
BOSTON (APP) RED SOX @ BURLINGTON ROYALS
08/23/2044
 
TOP OF THE 1ST
Boston (APP) Red Sox batting - Pitching for Burlington Royals : RHP Mike Tuck
Pitching: RHP Mike Tuck
Batting: LHB Stanislav Parusov 0-0: Reached on error, E4 (Groundball, 4, EV 88.8 MPH)
Batting: RHB Matt Hinkle 0-0: Ball
1-0: Called Strike
1-1: Ball
2-1: Ball
3-1: Base on Balls
Stanislav Parusov to second
Batting: LHB Frank Olivo 0-0: Ball
1-0: Foul Ball, location: 2F
1-1: Foul Ball, location: 2F
1-2: Foul Ball, location: 2F
1-2: Fielders Choice at 2nd, 4-6 (Groundball, 34, EV 84.4 MPH)
Stanislav Parusov to third
Batting: RHB Frank Sokolosky 0-0: Ball
1-0: Foul Ball, location: 2F
1-1: Ball
2-1: Ball
3-1: Foul Ball, location: 2F
3-2: Base on Balls
Frank Olivo to second
Batting: SHB Eric Evans 0-0: Ball
1-0: Ball
2-0: SINGLE (Groundball, 23, EV 68.8 MPH) (infield hit)
Stanislav Parusov scores
Frank Olivo to third
Frank Sokolosky to second
Batting: RHB John Doucette 0-0: Ball
1-0: Swinging Strike
1-1: Ball
2-1: Ball
3-1: Base on Balls
Frank Olivo scores
Frank Sokolosky to third
Eric Evans to second
Batting: RHB Dominique Paolozzi 0-0: Ball
1-0: Fly out, F7 (Flyball, 7, EV 96.3 MPH)
Batting: RHB Rogelio Cervantes 0-0: Swinging Strike
0-1: Called Strike
0-2: Fly out, F8 (Flyball, 89D, EV 101.9 MPH)
Top of the 1st over - 2 runs, 1 hit, 1 error, 3 left on base; Boston (APP) 2 - Burlington 0
BOTTOM OF THE 1ST
Burlington Royals batting - Pitching for Boston (APP) Red Sox : LHP Nick Barnes
Pitching: LHP Nick Barnes
Batting: RHB Tim Persson 0-0: Ball
1-0: Called Strike
1-1: Swinging Strike
1-2: Ball
2-2: Ball
3-2: Ground out 2-3 (Groundball, 2L, EV 76.9 MPH)
Batting: LHB Ernesto Abreu 0-0: Swinging Strike
0-1: Called Strike
0-2: Strikes out swinging
Batting: SHB Manny Berrones 0-0: Ball
1-0: Foul Ball, location: 2F
1-1: Called Strike
1-2: Ball
2-2: Strikes out swinging
Bottom of the 1st over - 0 runs, 0 hits, 0 errors, 0 left on base; Boston (APP) 2 - Burlington 0
TOP OF THE 2ND
Boston (APP) Red Sox batting - Pitching for Burlington Royals : RHP Mike Tuck
Batting: RHB Joe Booth 0-0: Ball
1-0: Bunt for hit to 3S - play at first, batter safe!
Batting: LHB Stanislav Parusov 0-0: Ball
Joe Booth steals 2nd base
1-0: Ball
2-0: Called Strike
2-1: Ball
3-1: Base on Balls
Batting: RHB Matt Hinkle 0-0: Called Strike
0-1: Foul Ball, location: 2F
0-2: Strikes out swinging
Batting: LHB Frank Olivo 0-0: Ball
Joe Booth steals 3rd base
1-0: Ball
2-0: Called Strike
Stanislav Parusov steals 2nd base
2-1: Foul Ball, location: 2F
2-2: Ground out 6-3 (Groundball, 6, EV 103.8 MPH)
Joe Booth scores
Batting: RHB Frank Sokolosky 0-0: Ball
1-0: Ball
2-0: Ball
3-0: Ground out 4-3 (Groundball, 4, EV 86.9 MPH)
Top of the 2nd over - 1 run, 1 hit, 0 errors, 1 left on base; Boston (APP) 3 - Burlington 0
BOTTOM OF THE 2ND
Burlington Royals batting - Pitching for Boston (APP) Red Sox : LHP Nick Barnes
Batting: SHB Danny Ballenger 0-0: Swinging Strike
0-1: Called Strike
0-2: Ball
1-2: Strikes out swinging
Batting: LHB Bobby Gonzalez 0-0: Foul Ball, location: 2F
0-1: Foul Ball, location: 2F
0-2: Foul Ball, location: 2F
0-2: Ball
1-2: Strikes out looking
Batting: RHB Rob Ward 0-0: Called Strike
0-1: Ball
1-1: Called Strike
1-2: Ball
2-2: Ball
3-2: Foul Ball, location: 2F
3-2: Base on Balls
Batting: SHB Marcos Cortez 0-0: Called Strike
0-1: Called Strike
0-2: Foul Ball, location: 2F
0-2: Ball
1-2: Strikes out swinging
Bottom of the 2nd over - 0 runs, 0 hits, 0 errors, 1 left on base; Boston (APP) 3 - Burlington 0
TOP OF THE 3RD
Boston (APP) Red Sox batting - Pitching for Burlington Royals : RHP Mike Tuck
Batting: SHB Eric Evans 0-0: Ball
1-0: Foul Ball, location: 2F
1-1: Swinging Strike
1-2: Ground out 5-3 (Groundball, 56S, EV 88.8 MPH)
Batting: RHB John Doucette 0-0: Ball
1-0: Swinging Strike
1-1: Fly out, F6 (Popup, 6M, EV 58.1 MPH)
Batting: RHB Dominique Paolozzi 0-0: Ball
1-0: Swinging Strike
1-1: Ball
2-1: Ball
3-1: Foul Ball, location: 2F
3-2: Strikes out swinging
Top of the 3rd over - 0 runs, 0 hits, 0 errors, 0 left on base; Boston (APP) 3 - Burlington 0
BOTTOM OF THE 3RD
Burlington Royals batting - Pitching for Boston (APP) Red Sox : LHP Nick Barnes
Batting: RHB Shane Bruce 0-0: Foul Ball, location: 2F
0-1: Called Strike
0-2: Ball
1-2: Strikes out swinging
Batting: RHB Steve Ryals 0-0: Ball
1-0: Ball
2-0: Ground out 3-1 (Groundball, 34, EV 106.9 MPH)
Batting: RHB Tim Persson 0-0: Ball
1-0: Called Strike
1-1: Foul Ball, location: 2F
1-2: Ball
2-2: Ball
3-2: Foul Ball, location: 2F
3-2: Strikes out looking
Bottom of the 3rd over - 0 runs, 0 hits, 0 errors, 0 left on base; Boston (APP) 3 - Burlington 0
TOP OF THE 4TH
Boston (APP) Red Sox batting - Pitching for Burlington Royals : RHP Mike Tuck
Batting: RHB Rogelio Cervantes 0-0: SINGLE (Line Drive, 6D, EV 99.4 MPH)
Batting: RHB Joe Booth 0-0: Called Strike
0-1: Ball
1-1: Ball
2-1: Ball
3-1: Base on Balls
Rogelio Cervantes to second
Batting: LHB Stanislav Parusov 0-0: Foul Ball, location: 2F
0-1: Foul Ball, location: 2F
0-2: Fielders Choice at 2nd, 5-4 (Groundball, 56D, EV 84.4 MPH)
Rogelio Cervantes to third
Batting: RHB Matt Hinkle 0-0: Ball
1-0: Ball
2-0: Foul Ball, location: 2F
2-1: Ball
3-1: Foul Ball, location: 2F
3-2: Strikes out looking
Batting: LHB Frank Olivo 0-0: Swinging Strike
0-1: Ball
1-1: Fielders Choice at 2nd, 6-4 (Groundball, 6, EV 88.8 MPH)
Top of the 4th over - 0 runs, 1 hit, 0 errors, 2 left on base; Boston (APP) 3 - Burlington 0
BOTTOM OF THE 4TH
Burlington Royals batting - Pitching for Boston (APP) Red Sox : LHP Nick Barnes
Batting: LHB Ernesto Abreu 0-0: Swinging Strike
0-1: Called Strike
0-2: Strikes out swinging
Batting: SHB Manny Berrones 0-0: Foul Ball, location: 2F
0-1: DOUBLE (Flyball, 89D, EV 98.8 MPH)
Batting: SHB Danny Ballenger 0-0: Ball
1-0: Ball
2-0: Called Strike
2-1: Ball
3-1: Ground out 4-3 (Groundball, 4, EV 101.3 MPH)
Manny Berrones to third
Batting: LHB Bobby Gonzalez 0-0: Called Strike
0-1: Ball
1-1: Foul Ball, location: 2F
1-2: Ball
2-2: Ball
3-2: Foul Ball, location: 2F
3-2: Ground out 3-1 (Groundball, 34, EV 96.3 MPH)
Bottom of the 4th over - 0 runs, 1 hit, 0 errors, 1 left on base; Boston (APP) 3 - Burlington 0
TOP OF THE 5TH
Boston (APP) Red Sox batting - Pitching for Burlington Royals : RHP Mike Tuck
Batting: RHB Frank Sokolosky 0-0: Ball
1-0: Ball
2-0: Foul Ball, location: 2F
2-1: Ground out 1-3 (Groundball, 13S, EV 67.5 MPH)
Batting: SHB Eric Evans 0-0: Called Strike
0-1: Swinging Strike
0-2: Ball
1-2: Ball
2-2: Ball
3-2: Strikes out swinging
Batting: RHB John Doucette 0-0: Foul Ball, location: 2F
0-1: Fly out, F8 (Flyball, 78D, EV 97.5 MPH)
Top of the 5th over - 0 runs, 0 hits, 0 errors, 0 left on base; Boston (APP) 3 - Burlington 0
BOTTOM OF THE 5TH
Burlington Royals batting - Pitching for Boston (APP) Red Sox : LHP Nick Barnes
Batting: RHB Rob Ward 0-0: Called Strike
0-1: Foul Ball, location: 2F
0-2: Strikes out swinging
Batting: SHB Marcos Cortez 0-0: Foul Ball, location: 2F
0-1: Foul Ball, location: 2F
0-2: Ball
1-2: Foul Ball, location: 2F
1-2: Ball
2-2: Foul Ball, location: 2F
2-2: Strikes out swinging
Batting: RHB Shane Bruce 0-0: Ball
1-0: Called Strike
1-1: Ball
2-1: SINGLE (Line Drive, 78S, EV 95.6 MPH)
Batting: RHB Steve Ryals 0-0: Fly out, F3 (Popup, 23F, EV 90.0 MPH)
Bottom of the 5th over - 0 runs, 1 hit, 0 errors, 1 left on base; Boston (APP) 3 - Burlington 0
TOP OF THE 6TH
Boston (APP) Red Sox batting - Pitching for Burlington Royals : RHP Mike Tuck
Batting: RHB Dominique Paolozzi 0-0: Ball
1-0: Ball
2-0: Called Strike
2-1: Foul Ball, location: 2F
2-2: Foul Ball, location: 2F
2-2: Ball
3-2: Strikes out swinging
Pitching: RHP Ted Splawn
Batting: RHB Rogelio Cervantes 0-0: Swinging Strike
0-1: Swinging Strike
0-2: Ball
1-2: SINGLE (Groundball, 34D, EV 100.0 MPH)
Batting: RHB Joe Booth 0-0: Called Strike
0-1: Ball
Rogelio Cervantes steals 2nd base
1-1: Fly out, F9 (Flyball, 9, EV 85.6 MPH)
Batting: LHB Stanislav Parusov 0-0: Ball
1-0: TRIPLE (Line Drive, 78XD, EV 106.3 MPH)
Rogelio Cervantes scores
Batting: RHB Matt Hinkle 0-0: Ball
1-0: Foul Ball, location: 2F
1-1: Ball
2-1: Ground out 5-3 (Groundball, 5L, EV 90.6 MPH)
Top of the 6th over - 1 run, 2 hits, 0 errors, 1 left on base; Boston (APP) 4 - Burlington 0
BOTTOM OF THE 6TH
Burlington Royals batting - Pitching for Boston (APP) Red Sox : LHP Nick Barnes
Batting: RHB Tim Persson 0-0: Ball
1-0: Ball
2-0: Called Strike
2-1: Foul Ball, location: 2F
2-2: Strikes out swinging
Pitching: LHP Eddie Contreras
Batting: LHB Ernesto Abreu 0-0: Ground out U3 (Groundball, 3, EV 93.1 MPH)
Batting: SHB Manny Berrones 0-0: Ball
1-0: Ball
2-0: Foul Ball, location: 2F
2-1: Ground out 6-3 (Groundball, 6M, EV 103.1 MPH)
Bottom of the 6th over - 0 runs, 0 hits, 0 errors, 0 left on base; Boston (APP) 4 - Burlington 0
TOP OF THE 7TH
Boston (APP) Red Sox batting - Pitching for Burlington Royals : RHP Ted Splawn
Batting: LHB Frank Olivo 0-0: Ball
1-0: Ball
2-0: Ground out 5-3 (Groundball, 5, EV 100.0 MPH)
Batting: RHB Frank Sokolosky 0-0: Called Strike
0-1: Ball
1-1: Ball
2-1: Swinging Strike
2-2: Strikes out swinging
Batting: SHB Eric Evans 0-0: Ball
1-0: Ball
2-0: Foul Ball, location: 2F
2-1: Foul Ball, location: 2F
2-2: Ball
3-2: Foul Ball, location: 2F
3-2: Base on Balls
Batting: RHB John Doucette Pickoff Throw to First - Out! 1-3
Top of the 7th over - 0 runs, 0 hits, 0 errors, 0 left on base; Boston (APP) 4 - Burlington 0
BOTTOM OF THE 7TH
Burlington Royals batting - Pitching for Boston (APP) Red Sox : LHP Eddie Contreras
Batting: SHB Danny Ballenger 0-0: Ball
1-0: Foul Ball, location: 2F
1-1: Ball
2-1: Called Strike
2-2: Ball
3-2: Strikes out looking
Batting: LHB Bobby Gonzalez 0-0: Called Strike
0-1: Called Strike
0-2: Foul Ball, location: 2F
0-2: Ball
1-2: Foul Ball, location: 2F
1-2: Strikes out swinging
Batting: RHB Rob Ward 0-0: Ball
1-0: Called Strike
1-1: Ball
2-1: Ball
3-1: Swinging Strike
3-2: Ground out 5-3 (Groundball, 56S, EV 86.9 MPH)
Bottom of the 7th over - 0 runs, 0 hits, 0 errors, 0 left on base; Boston (APP) 4 - Burlington 0
TOP OF THE 8TH
Boston (APP) Red Sox batting - Pitching for Burlington Royals : RHP Ted Splawn
Pitching: RHP Joe Adelmann
Batting: RHB John Doucette 0-0: Swinging Strike
0-1: Ball
1-1: Ball
2-1: Foul Ball, location: 2F
2-2: Ball
3-2: Strikes out swinging, 2-3 out at first.
Batting: RHB Dominique Paolozzi 0-0: Called Strike
0-1: Foul Ball, location: 2F
0-2: Fly out, F8 (Line Drive, 8LM, EV 95.6 MPH)
Batting: RHB Rogelio Cervantes 0-0: Ball
1-0: Ball
2-0: Fly out, F8 (Flyball, 8LS, EV 95.0 MPH)
Top of the 8th over - 0 runs, 0 hits, 0 errors, 0 left on base; Boston (APP) 4 - Burlington 0
BOTTOM OF THE 8TH
Burlington Royals batting - Pitching for Boston (APP) Red Sox : LHP Eddie Contreras
Batting: SHB Marcos Cortez 0-0: Ball
1-0: Ground out 5-3 (Groundball, 56, EV 85.6 MPH)
Batting: RHB Shane Bruce 0-0: Ball
1-0: Ball
2-0: Ball
3-0: Base on Balls
Batting: RHB Steve Ryals 0-0: Sac Bunt to 23 - play at first, batter OUT! 3-4
Shane Bruce to second
Batting: RHB Tim Persson 0-0: Called Strike
0-1: Swinging Strike
0-2: Strikes out swinging
Bottom of the 8th over - 0 runs, 0 hits, 0 errors, 1 left on base; Boston (APP) 4 - Burlington 0
TOP OF THE 9TH
Boston (APP) Red Sox batting - Pitching for Burlington Royals : RHP Joe Adelmann
Batting: RHB Joe Booth 0-0: Called Strike
0-1: Called Strike
0-2: Fly out, F9 (Line Drive, 9, EV 110.6 MPH)
Batting: LHB Stanislav Parusov 0-0: Called Strike
0-1: Ball
1-1: Foul Ball, location: 2F
1-2: Ball
2-2: Ball
3-2: Foul Ball, location: 2F
3-2: SINGLE (Groundball, 34D, EV 107.5 MPH)
Batting: RHB Matt Hinkle 0-0: Called Strike
Stanislav Parusov steals 2nd, throwing error, E2
Stanislav Parusov to third
0-1: Swinging Strike
0-2: Ball
1-2: Ball
2-2: Foul Ball, location: 2F
2-2: Foul Ball, location: 2F
2-2: Foul Ball, location: 2F
2-2: Foul Ball, location: 2F
2-2: Ball
Wild Pitch!
Stanislav Parusov scores
3-2: Fly out, F4 (Popup, 34, EV 63.8 MPH)
Batting: LHB Frank Olivo 0-0: Foul Ball, location: 2F
0-1: Ball
1-1: DOUBLE (Line Drive, 78M, EV 98.8 MPH)
Batting: RHB Frank Sokolosky 0-0: SINGLE (Groundball, 56S, EV 77.5 MPH) (infield hit)
Frank Olivo to third
Batting: SHB Eric Evans 0-0: Ball
1-0: SINGLE (Groundball, 6MS, EV 67.5 MPH) (infield hit)
Frank Olivo scores
Frank Sokolosky to second
Batting: RHB John Doucette 0-0: SINGLE (Groundball, 56, EV 106.3 MPH)
Frank Sokolosky to third
Eric Evans to second
Runner from 3rd tries for Home, SAFE, throw by LF to home
Batting: RHB Dominique Paolozzi 0-0: Called Strike
0-1: Ball
1-1: Ball
Wild Pitch!
Eric Evans to third
John Doucette to second
2-1: Swinging Strike
2-2: Strikes out swinging
Top of the 9th over - 3 runs, 5 hits, 1 error, 2 left on base; Boston (APP) 7 - Burlington 0
BOTTOM OF THE 9TH
Burlington Royals batting - Pitching for Boston (APP) Red Sox : LHP Eddie Contreras
Batting: LHB Ernesto Abreu 0-0: Called Strike
0-1: Called Strike
0-2: Ground out 4-3 (Groundball, 4S, EV 74.4 MPH)
Batting: SHB Manny Berrones 0-0: Fly out, F9 (Flyball, 9S, EV 96.9 MPH)
Batting: SHB Danny Ballenger 0-0: Foul Ball, location: 2F
0-1: Ball
1-1: Called Strike
1-2: Strikes out swinging
Bottom of the 9th over - 0 runs, 0 hits, 0 errors, 0 left on base; Boston (APP) 7 - Burlington 0
Thursday, March 31st , 2022 - OOTP Baseball 22.12 Build 89